[Event "Vienna Championship-C 2022"]
[Site "Vienna"]
[Date "2022.09.25"]
[Round "9.3"]
[White "Gerold, Arnold"]
[Black "Bendl, Felix"]
[Result "1/2-1/2"]
[ECO "B14"]
[WhiteElo "1708"]
[BlackElo "1645"]
[Annotator "NA RC COMBH"]
[PlyCount "58"]
[EventDate "2022.09.17"]
[EventType "swiss"]
[EventCountry "AUT"]
[SourceTitle "playchess.com"]
[Source "ChessBase"]
[SourceQuality "1"]
[TimeControl "5400+30"]

1. e4 c6 2. d4 d5 3. exd5 cxd5 4. c4 dxc4 5. Bxc4 Nf6 6. Nc3 e6 7. Nf3 Nc6 8. O-O Bb4 9. Bg5 O-O 10. Bd3 h6 11. Bh4 Be7 12. Bg3 Qb6 13. Na4 Qd8 14. Rc1 Nh5 15. Ne5 Nxe5 16. Bxe5 Nf6 17. Nc3 Bd7 18. Bb1 Bc6 19. Qd3 g6 20. Qh3 h5 21. f4 Bd6 22. Rcd1 Bxe5 23. fxe5 Ng4 24. Be4 Bxe4 25. Nxe4 Qd5 26. Qxg4 hxg4 27. Nf6+ Kg7 28. Nxd5 exd5 29. Rc1 Rac8 1/2-1/2

[Event "Vienna Championship-C 2022"]
[Site "Vienna"]
[Date "2022.09.25"]
[Round "9.4"]
[White "Nicolussi, Hieronymus"]
[Black "Brunner, Felix"]
[Result "0-1"]
[ECO "A45"]
[WhiteElo "1239"]
[BlackElo "1541"]
[Annotator "NA RC COMBH"]
[PlyCount "44"]
[EventDate "2022.09.17"]
[EventType "swiss"]
[EventCountry "AUT"]
[SourceTitle "playchess.com"]
[Source "ChessBase"]
[SourceQuality "1"]
[TimeControl "5400+30"]

1. d4 Nf6 2. e3 g6 3. Bd3 Bg7 4. f4 c5 5. c3 O-O 6. Nf3 Nc6 7. Nbd2 cxd4 8. exd4 d6 9. O-O e5 10. fxe5 dxe5 11. Nxe5 Nxe5 12. dxe5 Ng4 13. Nf3 Qb6+ 14. Nd4 Bxe5 15. h3 Bxd4+ 16. cxd4 Qxd4+ 17. Kh1 Nf2+ 18. Rxf2 Qxf2 19. Bd2 Rd8 20. Qc2 Bf5 21. Bxf5 Rxd2 22. Qc7 Qxg2# 0-1

[Event "Vienna Championship-C 2022"]
[Site "Vienna"]
[Date "2022.09.25"]
[Round "9.6"]
[White "Unger, Alexander"]
[Black "Johnson, Roland E S"]
[Result "1/2-1/2"]
[ECO "C47"]
[WhiteElo "1456"]
[BlackElo "1691"]
[Annotator "NA RC COMBH"]
[PlyCount "90"]
[EventDate "2022.09.17"]
[EventType "swiss"]
[EventCountry "AUT"]
[SourceTitle "playchess.com"]
[Source "ChessBase"]
[SourceQuality "1"]
[TimeControl "5400+30"]

1. e4 e5 2. Nf3 Nf6 3. Nc3 Nc6 4. d4 exd4 5. Nxd4 Bb4 6. Nxc6 dxc6 7. Qxd8+ Kxd8 8. Bd3 Re8 9. f3 Nd5 10. Bd2 Nxc3 11. Bxc3 Bxc3+ 12. bxc3 f5 13. O-O-O f4 14. Rhe1 Ke7 15. g3 fxg3 16. hxg3 Be6 17. Kb2 Rf8 18. f4 Rf6 19. e5 Rh6 20. Rh1 Rxh1 21. Rxh1 h6 22. f5 Bd5 23. f6+ Kf8 24. Rf1 Re8 25. fxg7+ Kxg7 26. Rf6 Rxe5 27. Rg6+ Kf7 28. Rxh6 Rg5 29. c4 Be6 30. Rh7+ Rg7 31. Rxg7+ Kxg7 32. Kc3 Kf6 33. Kd4 Kg5 34. Ke3 Kg4 35. Kf2 b5 36. cxb5 cxb5 37. Bxb5 Bxa2 38. Ba6 Bb1 39. c4 Kf5 40. Ke3 Kg4 41. Kd4 Kxg3 42. Kc5 Kf4 43. Kc6 Ke5 44. c5 Kd4 45. Kxc7 Kxc5 1/2-1/2

[Event "Vienna Championship-C 2022"]
[Site "Vienna"]
[Date "2022.09.25"]
[Round "9.8"]
[White "Ganahl, Herbert"]
[Black "Twyble, Michael S"]
[Result "0-1"]
[ECO "B02"]
[WhiteElo "1488"]
[BlackElo "2245"]
[Annotator "TA"]
[PlyCount "54"]
[EventDate "2022.09.17"]
[EventType "swiss"]
[EventCountry "AUT"]
[SourceTitle "playchess.com"]
[Source "ChessBase"]
[SourceQuality "1"]
[TimeControl "5400+30"]

1. e4 d5 2. exd5 Nf6 3. Nc3 Nxd5 4. Bc4 Nb6 5. Bb3 Nc6 6. Qf3 e6 {[%emt 0:00:29] [#] B02: Alekhine's Defence: Chase Variation and lines with early Nc3.} 7. Qd1 $146 (7. Nge2 $11) ({Predecessor:} 7. Nge2 Be7 8. d3 O-O 9. a3 Na5 10. Ba2 c5 11. Ne4 Nc6 12. O-O Kh8 13. Qh5 Nd5 14. c4 Nc7 15. Ng5 Bxg5 16. Bxg5 {1-0 (59) Wang,C (2490)-Bu,X (2668) Beijing 2012}) 7... Bc5 ({Black should try} 7... a5 $15 8. a3 Nd4) 8. Nf3 $11 O-O {[%emt 0:00:45] The position is equal.} 9. O-O Bd7 10. d3 Na5 11. Ne4 Nxb3 12. axb3 Qe7 13. Nxc5 Qxc5 14. Re1 Bc6 15. Be3 Qh5 16. Ne5 $2 {[%emt 0:06:21][%mdl 8192] Now White is beyond hope.} Qxe5 $19 17. Bxb6 (17. c4 {was worth a try.}) 17... Qd5 {[%emt 0:00:00][%csl Gc6][%cal Rd5g2] [#] Black is clearly winning.} 18. f3 axb6 19. Ra3 Rxa3 20. bxa3 Qc5+ 21. Kf1 Qxa3 22. Qd2 Qa5 23. Qf4 Qc3 24. Re2 Bd5 25. Qa4 Qc6 26. Qa1 {[%emt 0:00:39] [#]} Bxf3 $1 27. gxf3 (27. Rf2 Bh5) 27... Qxf3+ {[%emt 0:00:00] Weighted Error Value: White=0.85/Black=0.16 (very precise)} 0-1

[Event "Vienna Championship-C 2022"]
[Site "Vienna"]
[Date "2022.09.25"]
[Round "9.11"]
[White "Niesswohl, Werner"]
[Black "Aichinger, Johannes"]
[Result "1-0"]
[ECO "E30"]
[WhiteElo "1473"]
[BlackElo "1169"]
[Annotator "NA RC COMBH"]
[PlyCount "33"]
[EventDate "2022.09.17"]
[EventType "swiss"]
[EventCountry "AUT"]
[SourceTitle "playchess.com"]
[Source "ChessBase"]
[SourceQuality "1"]
[TimeControl "5400+30"]

1. d4 Nf6 2. c4 e6 3. Nc3 d5 4. Bg5 Bb4 5. e3 h6 6. Bh4 c5 7. cxd5 g5 8. Bg3 Qa5 9. Nge2 Nxd5 10. Qc2 Bd7 11. dxc5 Qxc5 12. a3 Qa5 13. O-O-O Bxc3 14. Nxc3 Na6 15. Be5 f6 16. Nxd5 fxe5 17. Qg6+ 1-0